 Dungeon Crawl Stone Soup version 0.30-a0-339-g89bb51ec76 (webtiles) character file.

Game seed: 203933600616211800

1857 lunkers the Grappler (level 9, -2/105 HPs)
             Began as a Meteoran Fighter on Oct 31, 2022.
             Was an Initiate of Gozag.
             Slain by an orc warrior
             ... wielding a +0 halberd
              (9 damage)
             ... on level 8 of the Dungeon.
             The game lasted 00:05:27 (2535 turns).

lunkers the Grappler (Meteoran Fighter)             Turns: 2535, Time: 00:05:28

Health: -2/105     AC: 28    Str: 17    XL:     9   Next: 60%
Magic:  10/10      EV:  2    Int: 15    God:    Gozag
Gold:   465        SH:  5    Dex: 14    Spells: 3/8 levels left

rFire   . . .      SeeInvis .      - Unarmed
rCold   . . .      Faith    .    b - +0 buckler
rNeg    . . .      Spirit   .    (body armour currently unavailable)
rPois   +          Reflect  .    (helmet currently unavailable)
rElec   .          Harm     .    (cloak currently unavailable)
rCorr   .          Rampage  .    (gloves currently unavailable)
Will    +....      NoTele   +    (boots currently unavailable)
Stlth   +.........               (no amulet)
HPRegen 0.37/turn                p - +4 ring of protection
MPRegen 0.12/turn                (no ring)

@: mighty, tree-form, gold aura, glowing
A: stationary, stasis, torment immunity, boosted hp, sense surroundings 2,
otherworldly, glowing, explore regen
a: Renounce Religion, Potion Petition, Call Merchant, Bribe Branch


You were on level 8 of the Dungeon.
You worshipped Gozag.
Gozag was aware of your devotion.
You were a tree.
You visited 2 branches of the dungeon, and saw 8 of its levels.

You collected 519 gold pieces.
You paid 54 gold pieces to Gozag.

Inventory:

Missiles
 f - 6 poisoned darts
 g - a throwing net
 u - a boomerang
 x - 2 javelins
Armour
 b - a +0 buckler (worn)
 d - a +0 pair of gloves (melded)
 t - a +4 ring mail (melded)
 y - a +0 pair of boots (melded)
Jewellery
 p - a +4 ring of protection (left branch)
Wands
 m - a wand of paralysis (7)
Scrolls
 h - a scroll of enchant armour
 i - a scroll of vulnerability
 k - a scroll of enchant weapon
 n - 2 scrolls of magic mapping
 q - a scroll of fog
 w - a scroll of torment {unknown}
 z - a scroll of poison {unknown}
Potions
 a - a potion of attraction
 c - a potion of might
 e - 2 potions of flight
 j - 3 potions of mutation
 l - 2 potions of resistance {unknown}
 o - a potion of lignification
 r - 3 potions of curing
 s - 3 potions of heal wounds {unknown}


   Skills:
 - Level 3.2 Fighting
 - Level 3.6 Armour
 - Level 3.6 Shields
 - Level 12.0 Unarmed Combat
 * Level 6.9 Transmutations


You had 3 spell levels left.
You knew the following spells:

 Your Spells              Type           Power      Damage    Failure   Level
b - Blade Hands           Tmut           10%        N/A       50%         5

Your spell library contained the following spells:

 Spells                   Type           Power      Damage    Failure   Level
 Magic Dart               Conj           0%         1d3       34%         1
 Necrotise                Necr           0%         1d4       34%         1
 Searing Ray              Conj           0%         2d4       47%         2
 Portal Projectile        Hex/Tloc       0%         N/A       71%         3
 Tukima's Dance           Hex            0%         N/A       71%         3
 Vampiric Draining        Necr           0%         2d6       71%         3
 Fulminant Prism          Conj/Hex       0%         3d5       98%         4
 Agony                    Necr           0%         N/A       100%        5


Dungeon Overview and Level Annotations

Branches:
Dungeon (8/15) Zot: 1866   Temple (1/1) D:4 Zot: 437
   Lair: D:8-11

Altars:
Ashenzari
Cheibriados
Dithmenos
Elyvilon
Gozag
Kikubaaqudgha
Nemelex Xobeh
Ru
Sif Muna
Trog
Uskayaw
Vehumet
Wu Jian
Yredelemnul
Zin
The Shining One

Shops:
D:6 [


Innate Abilities, Weirdness & Mutations

You are a tree.
Your roots penetrate the ground, keeping you stationary.
You cannot be teleported.
You are immune to unholy pain and torment.
Your maximum health is greatly increased.
Your equipment is partially melded.
You passively map the area around you.
You are easily found by Zot.
You glow in the dark.
You regain HP and MP as you explore.


Message History

The polar bear bites you!
* * * LOW HITPOINT WARNING * * *
The polar bear claws you but does no damage. x2
The orc wizard mumbles some strange words.
The orc wizard flickers and vanishes!
Deactivating autopickup; reactivate with Ctrl-A.
The orc warrior hits you but does no damage.
You barely miss the polar bear.
The polar bear is heavily wounded.
Unknown command.
You smack the polar bear!
The polar bear is heavily wounded.
The polar bear bites you.
* * * LOW HITPOINT WARNING * * *
The polar bear claws you but does no damage. x2
You block the orc warrior's attack.
You pummel the polar bear!!
You kill the polar bear!
The orc warrior hits you from afar with a +0 halberd!
* * * LOW HITPOINT WARNING * * *
Your Transmutations skill increases to level 6!
You barely miss the ice beast.
The orc warrior hits you but does no damage.
The ice beast hits you but does no damage.
Unknown command.
You hit the ice beast.
The ice beast is lightly wounded.
A rime drake comes into view.
You block the orc warrior's attack. You block the ice beast's attack.
Unknown command.
The rime drake hisses angrily.
You hit the ice beast.
The ice beast is moderately wounded.
Unknown command.
You pummel the ice beast!!
You kill the ice beast!
An orc comes into view. It is wielding a +0 dagger.
The orc warrior hits you from afar with a +0 halberd!
You die...
Your body crumbles into a pile of gold.

** * ** , #.....#.# , , *
* ** #.....#.# ,,,*
.##*#.# ###.....#.#
,,....#.. .##....##.#
....#..## .##.......# ,
.....#...#. #......## ,
....... #.###.#.##.###
,,,* , ..#....
#.......##...# *
.......##♣###.##.....#####
, ,, #...hoo##
#.##.#........ , #..#...Y#
#.##.#..###### ,
,......$## #......#.# * ,
,#...[..# ###.....#.# ,
,..#.k....* #..#...## * *,
##......# #...#.## * *
#.#.o..~# #.#<#.# , ,, ,
,.......## * ##.#.#.## .


You could see a rime drake, an orc warrior, an ice beast, a wolf, an orc priest
and an orc (wandering).

Vanquished Creatures
  Grinder (D:6)
  A polar bear (D:8)
  Menkaure (D:5)
  An orc warrior (D:6)
  2 ice beasts (D:8)
  A black bear (D:5)
  3 ogres
  2 wolves (D:8)
  2 phantoms
  A centaur (D:6)
  A jelly (D:6)
  A hound (D:5)
  8 orc wizards
  3 gnolls (D:4)
  5 adders
  3 worms
  4 dart slugs
  20 orcs
  3 ball pythons
  4 endoplasms
  2 giant cockroaches
  4 goblins
  5 hobgoblins
  2 jackals (D:1)
  2 quokkas (D:1)
  5 bats
  A frilled lizard (D:2)
  4 kobolds
  5 rats
97 creatures vanquished.

Vanquished Creatures (others)
  A plant (D:4)
1 creature vanquished.

Grand Total: 98 creatures vanquished

Notes
Turn   | Place    | Note
-------+----------+-------------------------------------------
     0 | D:1      | lunkers the Meteoran Fighter began the quest for the Orb.
     0 | D:1      | Reached XP level 1. HP: 19/19 MP: 2/2
    95 | D:1      | Reached skill level 3 in Unarmed Combat
    95 | D:1      | Reached XP level 2. HP: 20/26 MP: 3/3
   349 | D:1      | Reached XP level 3. HP: 31/31 MP: 4/4
   452 | D:2      | Reached skill level 4 in Unarmed Combat
   653 | D:2      | Reached XP level 4. HP: 38/38 MP: 5/5
   728 | D:2      | Reached skill level 5 in Unarmed Combat
   805 | D:3      | Reached XP level 5. HP: 37/45 MP: 6/6
   894 | D:3      | Reached skill level 6 in Unarmed Combat
  1001 | D:3      | Reached XP level 6. HP: 49/51 MP: 7/7
  1057 | D:3      | Found an opulent altar of Gozag.
  1174 | D:3      | Became a worshipper of Gozag Ym Sagoz the Greedy
  1345 | D:4      | Reached skill level 7 in Unarmed Combat
  1419 | D:4      | Found a staircase to the Ecumenical Temple.
  1429 | Temple   | Entered the Ecumenical Temple
  1648 | D:5      | Entered Level 5 of the Dungeon
  1699 | D:5      | Noticed an ogre
  1707 | D:5      | Killed an ogre
  1824 | D:5      | Found a bloodstained altar of Trog.
  1856 | D:5      | Reached skill level 8 in Unarmed Combat
  1856 | D:5      | Reached XP level 7. HP: 55/57 MP: 8/8
  1998 | D:5      | Found a shimmering blue altar of Sif Muna.
  2000 | D:5      | Noticed Menkaure
  2010 | D:5      | Killed Menkaure
  2011 | D:5      | Reached skill level 9 in Unarmed Combat
  2039 | D:5      | Reached XP level 8. HP: 47/63 MP: 9/9
  2104 | D:5      | Reached skill level 10 in Unarmed Combat
  2260 | D:6      | Noticed Grinder
  2263 | D:6      | Reached skill level 11 in Unarmed Combat
  2267 | D:6      | Killed Grinder
  2273 | D:6      | Gained mutation: You passively map the area around you.
                  | [Meteoran growth]
  2273 | D:6      | Reached XP level 9. HP: 70/70 MP: 10/10
  2291 | D:6      | Reached skill level 12 in Unarmed Combat
  2297 | D:6      | Learned a level 5 spell: Blade Hands
  2390 | D:6      | Found Zekeeg's Antique Armour Shop.
  2402 | D:6      | You fall into a shaft and drop 2 floors!
  2426 | D:8      | Found a hide-covered altar of Uskayaw.
  2428 | D:8      | Noticed a +0 dagger
  2428 | D:8      | Noticed a +0 dagger
  2494 | D:8      | Noticed a polar bear
  2519 | D:8      | Reached skill level 5 in Transmutations
  2531 | D:8      | Killed a polar bear
  2533 | D:8      | Noticed a rime drake
  2535 | D:8      | Slain by an orc warrior

Illustrated notes

Levels and vault maps discovered:
D:1:      dpeg_arrival_round_a, layout_basic, bh_walls_and_bars
D:2:      layout_basic
D:3:      layout_basic, nicolae_gozag_seed_capital, kennysheep_generic_room_7
D:4:      layout_basic, lemuel_temple_firewalk_a, nicolae_grassy_gnolls
D:5:      layout_rooms, trog_book, mainiacjoe_overflow_alcove_1,
          chequers_serial_rivers_micro_b, uniq_menkaure
D:6:      layout_loops_ring, nicolae_qazlal_style_of_elements, serial_shops,
          shop, gup_sewer_entry_bowl, minivault_1, uniq_grinder, uniq_eustachio,
          uniq_crazy_yiuf_cottage, uniq_sigmund
D:8:      layout_loops_cross, dancing_weapons_uskayaw, hellmonk_lair_entry_icy
Temple:   hellmonk_temple_flake

Skill      XL: |  1  2  3  4  5  6  7  8  9 |
---------------+----------------------------+-----
Unarmed Combat | 3 4 5 6 8 9 11 12 | 12.0
Transmutations | 6 |  6.9
Fighting       | |  3.2
Armour         | |  3.6
Shields        | |  3.6

Action                   |  1- 3 |  4- 6 |  7- 9 || total
-------------------------+-------+-------+-------++-------
Melee: Unarmed           |    89 |   157 |   156 ||   402
  Use: Scroll            |       |    10 |     2 ||    12
       Potion            |       |       |     2 ||     2
Armor: Scale mail        |    45 |    48 |       ||    93
       Ring mail         |       |     3 |    62 ||    65
       Skin              |       |       |    10 ||    10
Dodge: Dodged            |    27 |    46 |    60 ||   133
Block: Buckler           |    21 |    33 |    36 ||    90

Table legend: (Time is in decaauts)
 A = Elapsed time spent in this place.
 B = Non-inter-level travel time spent in this place.
 C = Inter-level travel time spent in this place.
 D = Time resting spent in this place.
 E = Time spent auto-exploring this place.
 F = Levels seen in this place.
 G = Mean time per level.
                   A        B        C        D        E       F      G
               +--------+--------+--------+--------+--------+-----+--------+
         Total |   2495 |   2378 |    117 |      0 |   1610 |   8 |  311.9 |
       Dungeon |   2332 |   2215 |    117 |      0 |   1480 |   7 |  333.1 |
        Temple |    162 |    162 |      0 |      0 |    130 |   1 |  162.0 |
               +--------+--------+--------+--------+--------+-----+--------+

Top non-repeatable levels by time:
     D:5: 470 daAuts
     D:3: 433 daAuts
     D:1: 380 daAuts
     D:2: 368 daAuts
     D:4: 290 daAuts
     D:6: 264 daAuts
  Temple: 162 daAuts
     D:8: 124 daAuts
